 Dungeon Crawl Stone Soup version 0.18-a0-912-g81d1dc4 (webtiles) character file.

54 M4edhros the Charlatan (level 3, -7/23 HPs)
             Began as an Octopode Artificer on Dec 25, 2015.
             Killed from afar by a hell hound (14 damage)
             ... with a blast of flame
             ... on level 1 of the Abyss.
             The game lasted 00:03:33 (1545 turns).

M4edhros the Charlatan (Octopode Artificer)         Turns: 1545, Time: 00:03:33

Health: -7/23      AC:  1    Str: 10    XL:     3   Next: 91%
Magic:  5/5        EV: 13    Int: 15    God:
Gold:   57         SH:  0    Dex: 12    Spells: 0 memorised, 2 levels left

rFire  . . .     SeeInvis .     j - -2 hunting sling (curse)
rCold  . . .     Gourm    .     (no shield)
rNeg   . . .     Faith    .     (helmet restricted)
rPois  .         Spirit   .     (no amulet)
rElec  .         Dismiss  .     h - ring of loudness (curse)
rCorr  .         Reflect  .     (no ring)
SustAt .         Harm     .     (no ring)
MR     .....                    (no ring)
Stlth  +.........               (no ring)
                                (no ring)
                                (no ring)
                                (no ring)

@: confused, very slightly contaminated, invisible, not resistant to hostile
enchantments, very unstealthy
A: almost no armour, amphibious, 8 rings, constrict 8, camouflage 1, gelatinous
body 1
a: no special abilities


You were on level 1 of the Abyss.
You were not hungry.

You visited 1 branch of the dungeon, and saw 3 of its levels.
You visited the Abyss 1 time.

You collected 57 gold pieces.

Inventory:

Hand Weapons
 a - a +0 short sword
 j - a cursed -2 hunting sling (weapon)
 s - a +2 dagger of distortion
Missiles
 k - 53 stones (quivered)
 o - 26 sling bullets
Jewellery
 h - a cursed ring of loudness (left tentacle)
Wands
 b - a wand of flame (15/48)
 c - a wand of enslavement (15/24)
 d - a wand of random effects (12/48)
 n - a wand of digging (8/24)
Scrolls
 e - a scroll of magic mapping {unknown}
 l - 3 scrolls of identify {unknown}
 m - 2 scrolls of blinking {unknown}
 p - a scroll of teleportation {unknown}
 r - a scroll of noise {unknown}
 t - a scroll of enchant weapon {unknown}
Comestibles
 f - 2 bread rations


   Skills:
 - Level 1.0 Fighting
 - Level 1.0 Short Blades
 * Level 0.8 Slings
 * Level 2.8 Dodging
 * Level 3.3 Stealth
 + Level 3.6 Evocations


You had 2 spell levels left.
You didn't know any spells.

Dungeon Overview and Level Annotations

Branches:
Dungeon (3/15)

Altars:

Annotations:
D:3 Dirtsage's ghost, amateur OpTm


Innate Abilities, Weirdness & Mutations

You cannot wear most types of armour.
You are amphibious.
You can wear up to eight rings at the same time.
You can use your tentacles to constrict eight enemies at once.
Your skin changes colour to match your surroundings (Stealth).
Your rubbery body absorbs attacks (AC +1).


Message History

Ouch! That really hurt!
Read which item? (? for menu, Esc to quit)
Okay, then.
Drink which item? (? for menu, Esc to quit)
It was a potion of invisibility.
You fade into invisibility!
The hell hound barely misses you.
You are very lightly contaminated with residual magic.
Drink which item? (? for menu, Esc to quit)
It was a potion of heal wounds.
You feel much better. The hell hound closely misses you. x2
Drink which item? (? for menu, Esc to quit)
It was a potion of ambrosia.
You are confused.
You feel invigorated. The hell hound bites you!
You're too confused to move!
The hell hound bites you! The hell hound breathes flames at you.
The blast of flame hits you!
Ouch! That really hurt!
You die...

###..#...#. #....#.#.
.# ###. #.... .# .###
# #....##.#### ..
....####..#..##.#....
...#.#.. .#5#...# #
....# .## ....# #..##
....##.
#.#@.##h.##..# .
###h#.### .h. #5....#
. ... ###..#..#....
.##.#.#...... # ## .#
### #.


You could see a hell hound and an ufetubus.

Vanquished Creatures
  2 adders (D:2)
  2 worms (D:2)
  2 giant geckos (D:2)
  2 orcs (D:3)
  2 giant cockroaches
  A hobgoblin (D:1)
  A quokka (D:2)
  2 ball pythons (D:2)
  4 giant newts
  2 goblins (D:2)
  2 kobolds
  4 rats
26 creatures vanquished.

Vanquished Creatures (others)
  A goblin (D:2)
1 creature vanquished.

Grand Total: 27 creatures vanquished

Notes
Turn   | Place    | Note
--------------------------------------------------------------
     0 | D:1      | M4edhros the Octopode Artificer began the quest for the Orb.
     0 | D:1      | Reached XP level 1. HP: 13/13 MP: 3/3
   152 | D:2      | Reached XP level 2. HP: 12/18 MP: 4/4
   266 | D:2      | Reached XP level 3. HP: 8/23 MP: 5/5
  1114 | D:3      | Noticed Dirtsage's ghost (amateur OpTm)
  1482 | D:2      | Cast into level 1 of the Abyss (a distortion unwield)
  1482 | Abyss:1  | Found a corrupted altar of Lugonu.
  1534 | Abyss:1  | Noticed a hell hound
  1545 | Abyss:1  | Killed from afar by a hell hound

Vault maps used:
D:1:      mrwooster_arrival_statue_3, hangedman_glass_teeth,
          hangedman_decor_push

Action                   || total
-------------------------++-------
Melee: Short sword       ||    49
       Dagger            ||     7
Evoke: Wand              ||     3
  Use: Potion            ||     3
 Stab: Sleeping          ||     2
  Eat: Chunk             ||     2
